Map: Moebius Facility XX-1

Players

Night

  • Race: Zerg Zerg
  • Spawn Location: 11:00

KingKong - Winner!

  • Race: Protoss Protoss
  • Spawn Location: 12:00

Sesh

  • Race: Terran Terran
  • League: Grandmaster
  • Spawn Location: 12:00

Dreamer - Winner!

  • Race: Terran Terran
  • Spawn Location: 1:00

VOD

Have the link to the VOD?

Description

Time

  • Played on: April 2, 2017, 4:48 a.m.
  • Length: 7:04
Show
View Real Time Build Order
Export as new Build Order

Night Zerg 

Build Orders: Hatch First 

Get SALT Encoding   

  12  0:01  Drone  
  13  0:16  Overlord  
  13  0:22  Drone  
  14  0:34  Drone x2  
  16  0:39  Drone  
  17  0:54  Hatchery  
  17  0:55  Drone  
  17  1:02  Drone  
  18  1:04  Extractor  
  17  1:18  Spawning Pool  
  17  1:21  Drone  
  17  1:25  Drone  
  18  1:33  Drone  
  19  1:42  Overlord  
  19  1:54  Drone  
  20  2:05  Queen  
  20  2:06  Zergling x4  
  20  2:07  Queen  
  26  2:13  Metabolic Boost  
  26  2:17  Drone  
  26  2:20  Drone  
  28  2:26  Drone  
  29  2:30  Drone  
  30  2:37  Drone  
  30  2:41  Queen  
  33  2:47  Overlord  
  33  2:48  Zergling x2  
  34  2:53  Drone  
  35  3:02  Drone  
  35  3:04  Overlord  
  36  3:11  Hatchery  
  36  3:12  Drone x2  
  37  3:13  Drone x2  
  38  3:23  Drone x5  
  43  3:30  Overlord  
  43  3:38  Zergling x2  
  44  3:41  Extractor  
  44  3:43  Zergling x2  
  44  3:44  Zergling x2  
  44  3:46  Spore Crawler  
  44  3:50  Zergling x2  
  44  3:51  Zergling x4  
  47  3:56  Zergling x4  
  47  4:02  Zergling x2  
  50  4:03  Roach Warren, Zergling x2  
  50  4:08  Zergling x2  
  50  4:09  Zergling x2  
  52  4:15  Overlord  
  52  4:16  Lair  
  52  4:26  Drone x5  
  52  4:27  Drone  
  58  4:32  Drone x3  
  61  4:43  Spore Crawler  
  54  4:51  Drone  
  54  4:52  Drone  
  54  4:56  Drone x4  
  54  4:57  Extractor  
  54  4:58  Evolution Chamber  
  53  5:00  Drone x3  
  53  5:01  Drone x3  
  53  5:05  Drone x3  
  61  5:09  Drone x2  
  61  5:11  Drone  
  61  5:13  Glial Reconstitution  
  62  5:15  Drone x2, Evolution Chamber  
  62  5:17  Drone  
  64  5:22  Extractor  
  64  5:25  Roach x2, Infestation Pit  
  66  5:32  Drone  
  66  5:34  Drone, Extractor  
  67  5:36  Drone x4  
  67  5:40  Overlord  
  67  5:41  Overlord  
  71  5:50  Overlord  
  71  5:53  Overlord  
  71  6:02  Roach  
  71  6:03  Roach x5, Spore Crawler  
  82  6:11  Drone  
  82  6:12  Drone x2  
  82  6:13  Drone x2  
  82  6:16  Extractor  
  86  6:20  Drone  
  87  6:26  Roach x4  
  95  6:36  Overlord  
  95  6:37  Overlord  
  95  6:40  Overlord  
Show
View Real Time Build Order
Export as new Build Order

KingKong Protoss - Winner!

Build Orders: Oracle Opening 

Get SALT Encoding   

  12  0:01  Probe (Chrono Boost)  
  13  0:11  Probe (Chrono Boost)  
  14  0:17  Pylon  
  14  0:23  Probe (Chrono Boost)  
  15  0:36  Probe (Chrono Boost)  
  15  0:41  Gateway  
  16  0:46  Probe (Chrono Boost)  
  17  0:52  Assimilator  
  18  0:57  Probe (Chrono Boost)  
  18  1:00  Assimilator  
  18  1:07  Probe (Chrono Boost)  
  19  1:18  Probe (Chrono Boost)  
  20  1:28  Probe (Chrono Boost)  
  20  1:31  Cybernetics Core  
  21  1:39  Probe (Chrono Boost)  
  22  1:44  Pylon  
  22  1:49  Probe (Chrono Boost)  
  23  2:08  Mothership Core (Chrono Boost)  
  25  2:10  Stargate  
  25  2:27  Nexus  
  25  2:31  Probe (Chrono Boost)  
  26  2:42  Probe (Chrono Boost)  
  29  2:54  Oracle  
  29  2:55  Pylon  
  29  3:02  Probe (Chrono Boost)  
  31  3:15  Probe (Chrono Boost)  
  32  3:25  Oracle  
  33  3:27  Probe (Chrono Boost)  
  33  3:32  Stargate  
  36  3:37  Assimilator  
  36  3:39  Probe (Chrono Boost)  
  37  3:45  Probe (Chrono Boost)  
  38  3:51  Probe (Chrono Boost)  
  38  3:52  Assimilator  
  39  3:56  Oracle, Probe (Chrono Boost)  
  39  3:57  Pylon  
  43  4:04  Probe (Chrono Boost)  
  43  4:06  Probe (Chrono Boost)  
  45  4:14  Pylon  
  45  4:16  Probe (Chrono Boost)  
  46  4:19  Probe (Chrono Boost)  
  46  4:22  Oracle  
  50  4:29  Probe (Chrono Boost)  
  50  4:30  Probe (Chrono Boost), Pylon  
  52  4:32  Oracle  
  55  4:42  Probe (Chrono Boost)  
  56  4:50  Probe (Chrono Boost)  
  55  4:54  Probe (Chrono Boost)  
  55  4:58  Oracle  
  58  5:00  Probe (Chrono Boost)  
  58  5:03  Oracle  
  59  5:15  Probe (Chrono Boost)  
  59  5:16  Probe (Chrono Boost)  
  60  5:27  Probe (Chrono Boost)  
  61  5:30  Probe (Chrono Boost)  
  62  5:35  Void Ray  
  62  5:38  Probe (Chrono Boost)  
  62  5:39  Pylon  
  62  5:41  Probe (Chrono Boost)  
  68  5:49  Probe (Chrono Boost)  
  69  5:50  Forge  
  69  6:03  Probe x2 (Chrono Boost)  
  71  6:07  Fleet Beacon  
  71  6:11  Nexus  
  71  6:20  Void Ray  
  71  6:23  Probe (Chrono Boost)  
  76  6:26  Probe (Chrono Boost)  
  77  6:33  Probe (Chrono Boost)  
  77  6:36  Probe (Chrono Boost)  
  79  6:45  Probe (Chrono Boost)  
  80  6:51  Probe (Chrono Boost)  
  81  6:54  Pylon  
  81  6:56  Pylon  
Show
View Real Time Build Order
Export as new Build Order

Sesh Terran 

Build Orders: Cyclone Opening, Reaper Expand 

Get SALT Encoding   

  12  0:01  SCV  
  13  0:13  SCV  
  14  0:17  Supply Depot  
  14  0:25  SCV  
  15  0:30  Refinery  
  15  0:39  SCV  
  16  0:45  Barracks  
  16  0:51  SCV  
  17  1:03  SCV  
  18  1:15  SCV  
  19  1:32  Reaper  
  19  1:33  Orbital Command  
  20  1:50  Command Center  
  20  1:59  SCV  
  21  2:04  Factory  
  21  2:08  Barracks Reactor  
  21  2:11  SCV  
  22  2:16  Refinery  
  22  2:22  Supply Depot  
  22  2:24  SCV  
  23  2:44  SCV, Marine x2  
  24  2:48  Cyclone  
  29  2:56  SCV  
  28  3:07  Marine x2  
  28  3:10  SCV  
  31  3:23  Cyclone, SCV  
  35  3:29  Starport  
  35  3:33  Orbital Command  
  35  3:35  SCV  
  35  3:48  SCV  
  34  3:49  Marine x2  
  34  3:55  Widow Mine  
  38  4:00  SCV x2  
  38  4:02  Supply Depot  
  40  4:07  Marine  
  41  4:12  SCV  
  41  4:15  Medivac  
  44  4:18  Marine  
  44  4:20  SCV  
  46  4:25  Marine  
  46  4:29  Factory Tech Lab  
  47  4:35  Barracks  
  47  4:36  SCV, Barracks  
  48  4:40  Marine  
  48  4:46  SCV  
  48  4:52  SCV  
  38  4:54  Marine  
  38  4:58  Marine  
  29  5:02  SCV  
  30  5:07  Siege Tank  
  30  5:12  Liberator, SCV  
  28  5:21  Marine  
  28  5:22  Barracks Tech Lab, Marine  
  28  5:23  Barracks Tech Lab  
  28  5:24  SCV  
  28  5:25  SCV  
  35  5:37  SCV x2  
  37  5:44  Marine x2  
  37  5:49  SCV  
  40  5:50  Marine  
  40  5:52  Marine  
  37  6:01  SCV  
  37  6:02  Marine  
  30  6:19  Marine x2  
  32  6:35  Marine  
  32  6:36  Marine  
  37  6:44  Barracks Reactor  
  37  6:46  Marine  
Show
View Real Time Build Order
Export as new Build Order

Dreamer Terran - Winner!

Build Orders: Liberator Opening, Reaper Expand 

Get SALT Encoding   

  12  0:00  SCV  
  13  0:12  SCV  
  14  0:20  Supply Depot  
  14  0:25  SCV  
  15  0:31  Refinery  
  15  0:41  SCV  
  16  0:45  Barracks  
  16  0:54  SCV  
  17  1:06  SCV  
  18  1:18  SCV  
  19  1:32  Reaper, Orbital Command  
  20  1:45  Command Center  
  20  1:59  Factory  
  20  2:01  SCV  
  21  2:05  Refinery  
  21  2:12  Reaper  
  21  2:15  SCV  
  23  2:22  Supply Depot  
  23  2:42  Factory Tech Lab  
  23  2:43  SCV  
  24  2:44  Barracks Reactor  
  24  2:55  SCV  
  25  3:08  SCV  
  25  3:09  Siege Tank  
  25  3:10  Orbital Command  
  29  3:20  SCV  
  29  3:21  Marine x2  
  29  3:25  Starport  
  31  3:32  SCV  
  31  3:36  SCV  
  31  3:39  Marine x2  
  34  3:41  Siege Tank  
  34  3:44  SCV  
  34  3:48  SCV  
  39  3:49  Liberator  
  39  3:56  SCV  
  39  3:59  Supply Depot  
  39  4:00  SCV, Supply Depot  
  41  4:02  Marine  
  41  4:03  Marine  
  46  4:11  Refinery  
  46  4:20  SCV x2  
  46  4:23  Marine x2  
  50  4:30  Bunker  
  50  4:31  Siege Tank  
  50  4:32  SCV x2  
  54  4:40  Marine  
  54  4:44  SCV x2  
  54  4:45  Barracks  
  54  4:47  Barracks  
  54  5:05  SCV  
  54  5:06  Marine  
  54  5:07  SCV, Marine  
  51  5:14  Supply Depot  
  51  5:17  SCV  
  51  5:19  SCV  
  53  5:29  SCV  
  53  5:34  Barracks Tech Lab, Supply Depot  
  54  5:35  Barracks Reactor  
  54  5:36  SCV  
  54  5:41  SCV  
  56  5:48  SCV  
  57  5:52  Siege Tank, Marine x2  
  57  5:56  SCV  
  63  6:01  SCV  
  64  6:08  SCV  
  64  6:09  Starport Reactor, Marine  
  64  6:10  Marine  
  67  6:13  SCV  
  67  6:14  Engineering Bay x2  
  68  6:20  SCV  
  68  6:25  SCV  
  70  6:36  Engineering Bay  
  70  6:41  Bunker, Supply Depot  
  70  6:42  Supply Depot  
Tags
 
Add a new tag
Caveats
  • Supply blocks, unpowered buildings, or Contaminate may cause inaccurate times.
  • Supply counts are checked every 10 seconds.